 Dungeon Crawl Stone Soup version 0.30-a0-757-ga6a79fd877 (webtiles) character file.

Game seed: 15734916945994772984

1135 cheesebisquit the Grappler (level 8, -3/69 HPs)
             Began as a Ghoul Monk on Feb 9, 2023.
             Was a Believer of Makhleb.
             Slain by a wight
             ... wielding a +0 spear
              (4 damage)
             ... on level 6 of the Dungeon.
             The game lasted 00:19:35 (4301 turns).

cheesebisquit the Grappler (Ghoul Monk)             Turns: 4301, Time: 00:19:36

Health: -3/69      AC: 18    Str: 17    XL:     8   Next: 36%
Magic:  7/7        EV:  5    Int:  5    God:    Makhleb [**....]
Gold:   136        SH:  0    Dex: 11    Spells: 7/7 levels left

rFire   . . .      SeeInvis .      - Unarmed
rCold   + . .      Faith    .    (no shield)
rNeg    + + +      Spirit   .    A - +0 plate armour
rPois   ∞          Reflect  .    m - +1 helmet
rElec   .          Harm     .    n - +1 cloak
rCorr   .          Rampage  .    i - +1 pair of gloves
Will    .....                    y - +1 pair of boots {Stlth+} Stlth
                                 u - amulet of regeneration
HPRegen 0.00/turn                (no ring)
MPRegen 0.10/turn                (no ring)

@: inhibited regen
A: claws 1, cold resistance 1, negative energy resistance 3, inhibited
regeneration, torment resistance 2, devour on kill
a: Renounce Religion, Minor Destruction


You were on level 6 of the Dungeon.
You worshipped Makhleb.
Makhleb was pleased with you.
You visited 2 branches of the dungeon, and saw 7 of its levels.

You collected 353 gold pieces.
You spent 217 gold pieces at shops.

Inventory:

Hand Weapons
 b - a +1 sling of freezing
Missiles
 c - 21 stones (quivered)
 j - 5 atropa-tipped darts
 x - 3 throwing nets
 B - 5 boomerangs
 H - 5 poisoned darts
Armour
 i - a +1 pair of gloves (worn)
 m - a +1 helmet (worn)
 n - a +1 cloak (worn)
 y - a +1 pair of boots of stealth (worn)
 A - a +0 plate armour (worn)
Jewellery
 u - an amulet of regeneration (around neck)
Wands
 C - a wand of flame (16)
 I - a wand of paralysis (10)
Scrolls
 f - a scroll of enchant weapon {unknown}
 g - a scroll of brand weapon {unknown}
 h - 2 scrolls of vulnerability
 o - a scroll of fog
 p - 2 scrolls of magic mapping
 w - a scroll of noise {unknown}
 D - a scroll of amnesia
 F - 2 scrolls of silence
 G - 2 scrolls of fear
Potions
 a - 2 potions of cancellation
 d - a potion of magic
 e - a potion of mutation {unknown}
 k - 2 potions of invisibility
 l - a potion of haste {unknown}
 q - a potion of heal wounds {unknown}
 r - 2 potions of curing
 s - 3 potions of flight {unknown}
 t - 3 potions of attraction
 v - a potion of ambrosia
 z - 2 potions of degeneration {unknown}
 E - a potion of berserk rage {unknown}
 J - a potion of lignification {unknown}


   Skills:
 + Level 5.4 Fighting
 - Level 2.6 Dodging
 - Level 2.1 Stealth
 * Level 10.1 Unarmed Combat
 + Level 1.2 Invocations


You had 7 spell levels left.
You didn't know any spells.
Your spell library contained the following spells:

 Spells                   Type           Power      Damage    Failure   Level
 Necrotise                Necr           0%         1d4       100%        1
 Ignite Poison            Fire/Tmut/Pois 0%         N/A       100%        3
 Vampiric Draining        Necr           0%         2d6       100%        3
 Sticky Flame             Conj/Fire      0%         2d3       100%        4
 Agony                    Necr           0%         N/A       100%        5
 Ignition                 Fire           0%         3d3       100%        8


Dungeon Overview and Level Annotations

Branches:
Dungeon (6/15)             Temple (1/1) D:4

Altars:
Ashenzari
Cheibriados
Gozag
Hepliaklqana
Makhleb
Nemelex Xobeh
Okawaru
Qazlal
Uskayaw
Vehumet
Wu Jian
Yredelemnul

Shops:
D:3 [


Innate Abilities, Weirdness & Mutations

You are immune to poison.
You have sharp fingernails.
Your flesh is cold resistant. (rC+)
You are immune to negative energy. (rN+++)
You do not regenerate when monsters are visible.
You are immune to unholy pain and torment.
You thrive by killing the living.


Message History

The wight is moderately damaged.
The wight barely misses you.
Okay, then.
Aiming: Minor Destruction (19% risk of failure)
Press: ? - help, Shift-Dir - straight line, f - wight
Aim: a wight, wielding a +0 battleaxe and wearing a +0 robe (moderately damaged)
You fail to use your ability.
The wight barely misses you.
You punch the wight!
The wight is almost destroyed.
The wight barely misses you.
You closely miss the wight.
The wight is almost destroyed.
You hit the wight.
You destroy the wight!
Makhleb accepts your kill.
You feel better.
Your Unarmed Combat skill increases to level 10!
You hit the wight but do no damage. The wight barely misses you.
You barely miss the wight. The wight hits you but does no damage.
The wight hits you with a +0 battleaxe!
* * * LOW HITPOINT WARNING * * *
You punch the wight!
The wight is almost destroyed.
The wight hits you but does no damage.
You barely miss the wight.
The wight is almost destroyed.
You closely miss the wight.
The wight is almost destroyed.
The wight hits you but does no damage. The wight hits you with a +0 battleaxe!
* * * LOW HITPOINT WARNING * * *
The wight barely misses you.
You hit the wight.
You destroy the wight!
Makhleb accepts your kill. The wight hits you but does no damage.
The wight barely misses you.
Your Invocations skill increases to level 1!
Okay, then.
You hit the wight but do no damage.
The wight hits you from afar with a +0 spear.
You die...

##...###.## #..###
#### #..# ##....#+#
##.## ######.....)..
#..# ##...#....##...
##.##
#.......######. #..#
#.......).##
#..###..........#
##.)##..........##
#..@z†...........#
#...###z...........#
# #..##
#............# #
#.## ##..........##
# # ##.......###
##.....## #######


You could see 2 wights.

Vanquished Creatures
  An ogre (D:5)
  A sky beast (D:6)
  A centaur (D:5)
  Blork the orc (D:5)
  3 wights (D:6)
  A jelly (D:5)
  A gnoll bouda (D:6)
  3 hounds
  4 iguanas
  2 orc wizards (D:6)
  12 gnolls
  14 adders
  A white imp (D:5)
  5 worms
  A dart slug (D:4)
  6 orcs
  11 ball pythons
  6 endoplasms
  6 giant cockroaches
  3 goblins
  8 hobgoblins
  12 jackals
  2 quokkas
  3 bats
  A frilled lizard (D:2)
  6 kobolds
  4 rats
119 creatures vanquished.

Notes
Turn   | Place    | Note
-------+----------+-------------------------------------------
     0 | D:1      | cheesebisquit the Ghoul Monk began the quest for the Orb.
     0 | D:1      | Reached XP level 1. HP: 19/19 MP: 0/0
   208 | D:1      | Reached XP level 2. HP: 26/26 MP: 1/1
   223 | D:1      | Reached skill level 4 in Unarmed Combat
   578 | D:1      | Reached XP level 3. HP: 31/31 MP: 2/2
  1129 | D:2      | Reached skill level 5 in Unarmed Combat
  1191 | D:2      | Reached XP level 4. HP: 38/38 MP: 3/3
  1796 | D:3      | Reached skill level 6 in Unarmed Combat
  1871 | D:3      | Reached XP level 5. HP: 45/45 MP: 4/4
  1972 | D:3      | Found Rietagy's Antique Armour Shop.
  2219 | D:3      | Bought a pair of embroidered boots for 217 gold pieces
  2530 | D:4      | Reached skill level 7 in Unarmed Combat
  2530 | D:4      | Reached XP level 6. HP: 43/51 MP: 5/5
  2676 | D:4      | Found a snail-covered altar of Cheibriados.
  2727 | D:4      | Found a faded altar of an unknown god.
  2728 | D:4      | Found a staircase to the Ecumenical Temple.
  2741 | Temple   | Entered the Ecumenical Temple
  3227 | D:5      | Entered Level 5 of the Dungeon
  3311 | D:5      | Reached skill level 8 in Unarmed Combat
  3376 | D:5      | Noticed Blork the orc
  3391 | D:5      | Killed Blork the orc
  3392 | D:5      | Reached XP level 7. HP: 26/58 MP: 6/6
  3433 | D:5      | Found a hazy altar of Hepliaklqana.
  3517 | D:5      | Found an iron altar of Okawaru.
  3534 | D:5      | Found a burning altar of Makhleb.
  3540 | D:5      | Became a worshipper of Makhleb the Destroyer
  3540 | D:5      | Reached * piety under Makhleb
  3540 | D:5      | Reached ** piety under Makhleb
  3625 | D:5      | Reached skill level 9 in Unarmed Combat
  4069 | D:6      | Reached XP level 8. HP: 67/67 MP: 7/7
  4218 | D:6      | Reached skill level 5 in Fighting
  4295 | D:6      | Reached skill level 10 in Unarmed Combat
  4299 | D:6      | HP: 1/68 [wight/+0 battleaxe (7)]
  4301 | D:6      | Reached skill level 1 in Invocations
  4301 | D:6      | Slain by a wight

Illustrated notes

Levels and vault maps discovered:
D:1:      minmay_arrival_open_corners, layout_basic
D:2:      layout_loops_cross, basic_altar, kennysheep_cross_bottleneck
D:3:      layout_loops_ring, serial_shops, nicolae_shop_window_shopping
D:4:      layout_rooms, slow_altar_2, nicolae_temple_entry_ecumenical
D:5:      minmay_spotlight, layout_rooms, okawaru_metal_pillars_3,
          worldfamousw_hep_ancestral_shrine, old_standard_altar,
          uniq_blork_the_orc
D:6:      layout_cave_pods, led_sif_book, kennysheep_mini
Temple:   eino_temple_lava

Skill      XL: |  1  2  3  4  5  6  7  8 |
---------------+-------------------------+-----
Unarmed Combat | 4 5 6 7 8 9 10 | 10.1
Fighting       | 4 5 |  5.4
Invocations    | 1 |  1.2
Dodging        | |  2.6
Stealth        | |  2.1

Action                     |  1- 3 |  4- 6 |  7- 9 || total
---------------------------+-------+-------+-------++-------
  Melee: Unarmed           |   142 |   237 |   126 ||   505
         Punch             |     4 |     6 |     3 ||    13
   Fire: Sling             |       |     6 |       ||     6
  Throw: Stone             |       |    31 |       ||    31
 Invoke: Minor Destruction |       |       |     7 ||     7
    Use: Scroll            |       |     6 |     7 ||    13
   Stab: Sleeping          |     2 |       |       ||     2
 Armour: Ring mail         |    60 |    18 |       ||    78
         Plate armour      |       |    77 |   113 ||   190
         Scale mail        |       |    21 |       ||    21
  Dodge: Dodged            |    94 |    81 |    38 ||   213

Table legend: (Time is in decaauts)
 A = Elapsed time spent in this place.
 B = Non-inter-level travel time spent in this place.
 C = Inter-level travel time spent in this place.
 D = Time resting spent in this place.
 E = Time spent auto-exploring this place.
 F = Levels seen in this place.
 G = Mean time per level.
                   A        B        C        D        E       F      G
               +--------+--------+--------+--------+--------+-----+--------+
         Total |   4241 |   4080 |    161 |     30 |   2903 |   7 |  605.9 |
       Dungeon |   4086 |   3933 |    153 |     30 |   2838 |   6 |  681.0 |
        Temple |    154 |    146 |      8 |      0 |     65 |   1 |  154.0 |
               +--------+--------+--------+--------+--------+-----+--------+

Top non-repeatable levels by time:
     D:1: 957 daAuts
     D:2: 747 daAuts
     D:3: 722 daAuts
     D:5: 637 daAuts
     D:4: 611 daAuts
     D:6: 410 daAuts
  Temple: 154 daAuts
